 Dungeon Crawl Stone Soup version 0.17.0-28-g6e173f8 (webtiles) character file.

1694 Shizoidos the Protected (level 8, 0/71 HPs)
             Began as a Minotaur Fighter on Nov 23, 2015.
             Slain by an ice beast (11 damage)
             ... on level 6 of the Dungeon.
             The game lasted 00:22:49 (5899 turns).

Shizoidos the Protected (Minotaur Fighter)          Turns: 5899, Time: 00:22:49

Health: 0/71       AC:  9    Str: 23    XL:     8   Next: 72%
Magic:  7/7        EV: 12    Int:  5    God:
Gold:   255        SH:  0    Dex: 10    Spells: 0 memorised, 7 levels left

rFire  . . .     SeeInvis .     k - +0 scythe
rCold  . . .     Clarity  .     b - +1 scale mail
rNeg   . . .     SustAt   .     (shield currently unavailable)
rPois  .         Gourm    .     (helmet restricted)
rElec  .         Spirit   .     (no cloak)
rCorr  .         Warding  .     (no gloves)
rMut   .         Stasis   .     (no boots)
MR     .....                    (no amulet)
Stlth  ..........               (no ring)
                                (no ring)

@: not resistant to hostile enchantments, extremely unstealthy
A: retaliatory headbutt, horns 2
a: no special abilities


You were on level 6 of the Dungeon.
You were not hungry.

You visited 1 branch of the dungeon, and saw 6 of its levels.

You collected 255 gold pieces.

Inventory:

Hand Weapons
 a - a +1 long sword
 k - a +0 scythe (weapon)
 n - a cursed +0 rapier
Armour
 b - a +1 scale mail (worn)
 c - a +0 shield
 r - a +0 scale mail
Scrolls
 h - 6 scrolls of identify
 l - 4 scrolls of remove curse
 m - 2 scrolls of amnesia
 s - a scroll of recharging
Potions
 j - a potion of agility
 o - a potion of lignification
Books
 d - a book of Spatial Translocations

   Spells                             Type                      Level
   a - Apportation                    Translocation                1
   b - Blink                          Translocation                2
   c - Shroud of Golubria             Charms/Translocation         2
   d - Portal Projectile              Translocation                3
   e - Teleport Other                 Translocation                3
   f - Passage of Golubria            Translocation                4
Comestibles
 f - a meat ration
 g - a beef jerky
 i - 6 fruits


   Skills:
 + Level 6.6 Fighting
 + Level 4.6 Long Blades
 + Level 3.3 Polearms
 + Level 8.0 Armour
 + Level 5.1 Dodging
 + Level 1.4 Stealth
 + Level 6.4 Shields


You had 7 spell levels left.
You didn't know any spells.

Dungeon Overview and Level Annotations

Branches:
Dungeon (6/15)
 Temple: D:4-7

Altars:
Dithmenos
Sif Muna


Innate Abilities, Weirdness & Mutations

You reflexively headbutt those who attack you in melee.
You have a pair of horns on your head.


Message History

* * * LOW HITPOINT WARNING * * *
The ice beast freezes you!
* * * LOW HITPOINT WARNING * * *
As you read the scroll of fear, it crumbles to dust.
You assume a fearsome visage.
The ice beast looks frightened!
You start resting.
Found 8 gold pieces.
You see here 16 gold pieces.
You see here 16 gold pieces.
You see here 16 gold pieces.
You see here 16 gold pieces.
You see here 16 gold pieces.
The ice beast hits you. The ice beast freezes you!
* * * LOW HITPOINT WARNING * * *
As you read the scroll of noise, it crumbles to dust.
You hear a loud clanging noise!
You hear an angry hiss.
The ice beast hits you.
* * * LOW HITPOINT WARNING * * *
The ice beast freezes you!
You die...

#.# .# # #.# .# #$#.#
.# #.#.###.# #.......#
###$##..# #.##..#
#.##..## #Y##@..##
#####.#Y....###########
#............##.(......
#.###...............###
##.......##.###.#
##.........# #
##...###...[ ##.##
#.### .... ..#


You could see an ice beast.

Vanquished Creatures
  Grinder (D:4)
  Sigmund (D:4)
  An ice beast (D:5)
  A sky beast (D:5)
  2 ogres
  Blork the orc (D:4)
  A scorpion (D:5)
  4 crimson imps
  A jelly (D:5)
  7 orc wizards
  4 orc priests
  An iguana (D:4)
  2 centaur skeletons (D:4)
  3 worker ants (D:4)
  A sheep (D:6)
  A gnoll (D:1)
  8 adders
  A worker ant zombie (D:6)
  3 oozes
  2 adder skeletons
  7 giant geckos
  18 orcs
  3 giant cockroaches
  16 hobgoblins
  7 jackals
  A quokka (D:2)
  A ball python (D:1)
  9 bats
  A giant gecko zombie (D:5)
  6 giant newts
  5 goblins
  3 kobolds
  7 rats
130 creatures vanquished.

Notes
Turn   | Place    | Note
--------------------------------------------------------------
     0 | D:1      | Shizoidos the Minotaur Fighter began the quest for the Orb.
     0 | D:1      | Reached XP level 1. HP: 19/19 MP: 0/0
   128 | D:1      | Reached XP level 2. HP: 27/27 MP: 1/1
   140 | D:1      | Reached skill level 4 in Fighting
   267 | D:1      | Reached XP level 3. HP: 26/33 MP: 2/2
   312 | D:1      | You fall through a shaft!
   510 | D:2      | Reached XP level 4. HP: 31/41 MP: 3/3
   769 | D:2      | Reached skill level 1 in Dodging
  1361 | D:3      | Reached XP level 5. HP: 10/47 MP: 4/4
  1366 | D:3      | HP: 1/47 [something/magic dart (5)]
  1368 | D:3      | Reached skill level 5 in Fighting
  1578 | D:3      | Reached skill level 5 in Shields
  1882 | D:3      | Reached XP level 6. HP: 19/56 MP: 5/5
  1889 | D:3      | Reached skill level 5 in Armour
  2256 | D:3      | Found a deep blue altar of Sif Muna.
  2515 | D:4      | Found a shadowy altar of Dithmenos.
  2515 | D:4      | Noticed Grinder
  2516 | D:4      | Paralysed by Grinder for 6 turns
  2524 | D:4      | Paralysed by Grinder for 6 turns
  2527 | D:4      | HP: 2/56 [Grinder (5)]
  2535 | D:5      | Entered Level 5 of the Dungeon
  3114 | D:4      | Reached XP level 7. HP: 41/61 MP: 6/6
  3387 | D:4      | Noticed Blork the orc
  3399 | D:4      | Killed Blork the orc
  3399 | D:4      | Reached skill level 6 in Armour
  3849 | D:4      | Noticed Sigmund
  3866 | D:4      | Killed Sigmund
  4072 | D:4      | Reached XP level 8. HP: 56/70 MP: 7/7
  4286 | D:4      | Killed Grinder
  4286 | D:4      | Reached skill level 1 in Polearms
  4286 | D:4      | Reached skill level 7 in Armour
  4286 | D:4      | Reached skill level 1 in Stealth
  5753 | D:6      | Reached skill level 5 in Dodging
  5759 | D:6      | Noticed a cyclops
  5791 | D:6      | Reached skill level 8 in Armour
  5899 | D:6      | Slain by an ice beast

Action                   |  1- 3 |  4- 6 |  7- 9 || total
-------------------------+-------+-------+-------++-------
Melee: Long sword        |    81 |   177 |    39 ||   297
       Scythe            |       |       |    89 ||    89
  Use: Scroll            |       |     8 |     8 ||    16
       Potion            |       |     7 |     5 ||    12
  Eat: Bread ration      |       |     2 |     2 ||     4
